cohdb
Replays
Latest Replays
All Replays
Popular Replays
Top Player Replays
Match Explorer
How It Works
Community
CoH3 Stats
Reddit
Sign in to upload your games and track your stats! →
Sign in with Steam
Match 44713609
Unlisted
Match 44713609
Overview
Messages
Build Orders
End
Construct Infanterie Kompanie
MG 42 Machine Gun Team
Selects Mechanized Battlegroup
MG 42 Machine Gun Team
GrW 34 Mortar Team
Medical Station
Construct Luftwaffe Kompanie
Jäger Squad
Jäger Squad
Selects Raid Package
MG 42 Bunker
Construct Panzer Kompanie
Selects StuG Assault Group
Selects UNKNOWN (2160084)
Stoßtruppen Squad
MG 42 Bunker
Selects Spotting Scopes
Selects Stoßtruppen Assault Package
Panther Heavy Tank
Sturmpanzer IV Brummbär
Pioneer Squad
Panther Heavy Tank
Panzer Officer Quarters
Selects Zeroing Artillery Barrage
Zeroing Artillery Barrage
CologneHC
demzy
CROffizier
UhaveNoShame:/
Animal Whisperer Dude
Fafnir_BR
Serial Chiller
CookieforFox
0
0
Comments
sign in to comment!
No comments posted yet!